 Dungeon Crawl Stone Soup version 0.30-a0-23-ge60ba3568b (webtiles) character file.

Game seed: 8762738332216908889

230 SensoryNuts the Slasher (level 5, -2/45 HPs)
             Began as a Demigod Fighter on Aug 24, 2022.
             Slain by an orc priest
             ... wielding a +0 falchion
              (6 damage)
             ... on level 4 of the Dungeon.
             The game lasted 00:02:37 (3858 turns).

SensoryNuts the Slasher (Demigod Fighter)           Turns: 3858, Time: 00:02:38

Health: -2/45      AC: 11    Str: 17    XL:     5   Next: 43%
Magic:  7/7        EV:  4    Int: 10    God:
Gold:   104        SH:  5    Dex: 17    Spells: 4/4 levels left

rFire   . . .      SeeInvis .    a - +0 long sword
rCold   . . .      Faith    .    c - +0 buckler
rNeg    . . .      Spirit   .    e - +0 plate armour
rPois   .          Reflect  .    (no helmet)
rElec   .          Harm     .    (no cloak)
rCorr   .          Rampage  .    (no gloves)
Will    .....                    (no boots)
Stlth   ..........               (no amulet)
HPRegen 0.15/turn                (no ring)
MPRegen 0.10/turn                (no ring)

@: mighty
A: high MP 1, forlorn, divine attributes
a: no special abilities


You were on level 4 of the Dungeon.
You visited 1 branch of the dungeon, and saw 4 of its levels.

You collected 104 gold pieces.

Inventory:

Hand Weapons
 a - a +0 long sword (weapon)
Armour
 b - a +0 scale mail
 c - a +0 buckler (worn)
 e - a +0 plate armour (worn)
Jewellery
 l - a +6 ring of strength
Scrolls
 f - a scroll of summoning {unknown}
 h - 3 scrolls of teleportation
 k - a scroll of magic mapping
 n - a scroll of torment
 o - 2 scrolls of blinking {unknown}
Potions
 g - a potion of degeneration {unknown}
 i - 2 potions of brilliance
 j - a potion of attraction {unknown}


   Skills:
 + Level 3.4 Fighting
 * Level 4.2 Long Blades
 + Level 3.5 Armour
 + Level 0.1 Dodging
 + Level 3.1 Shields


You had 4 spell levels left.
You didn't know any spells.
Your spell library contained the following spells:

 Spells                   Type           Power      Damage    Failure   Level
 Magic Dart               Conj           0%         1d3       100%        1
 Searing Ray              Conj           0%         2d4       100%        2
 Fulminant Prism          Conj/Hex       0%         3d6       100%        4


Dungeon Overview and Level Annotations

Branches:
Dungeon (4/15)
 Temple: D:4-7

Annotations:
D:4 Robin


Innate Abilities, Weirdness & Mutations

You have an increased reservoir of magic. (+10% MP)
You shall have no god before yourself.
Your divine heritage dramatically boosts your attributes as you level up.


Message History

The orc wizard is healed somewhat.
Something hits you but does no damage.
The orc wizard hits you with a +0 dagger.
* * * LOW HITPOINT WARNING * * *
You miss something.
You feel less confused. Something hits you but does no damage.
The orc priest hits you with a +0 falchion.
* * * LOW HITPOINT WARNING * * *
The orc wizard casts a spell at you.
You are confused.
You feel very mighty all of a sudden. Something hits you but does no damage.
The orc priest hits you but does no damage.
The orc wizard barely misses you.
You slash something!
The orc priest hits you but does no damage.
The orc wizard barely misses you. Something hits you.
* * * LOW HITPOINT WARNING * * *
You bump into the rock wall.
Something hits you but does no damage. The orc priest barely misses you.
You barely miss the orc priest.
The orc priest hits you but does no damage.
The orc wizard hits you but does no damage.
The endoplasm freezes you.
You are frozen.
* * * LOW HITPOINT WARNING * * *
Something hits you.
* * * LOW HITPOINT WARNING * * *
Something hits you but does no damage. The orc priest completely misses you.
The endoplasm hits you but does no damage.
The orc wizard hits you but does no damage.
You closely miss something. The orc priest barely misses you.
Something hits you but does no damage.
The orc wizard hits you but does no damage.
The endoplasm hits you but does no damage.
Unknown command.
You closely miss the orc priest.
You feel less confused.
The orc priest hits you with a +0 falchion.
You die...

............#
...#.......#
##.#.#...#.#
#...##....#
#...####..#
#......(..###
#...#.......#
# #.##.##.#
#{@o.# .#
#oJ### #
#...o.....#
#.##.######
#.. #.# #.
#.# .. #.# #.
..# .. ..


You could see an orc priest, an orc wizard, an orc and an endoplasm.

Vanquished Creatures
  A hound (D:3)
  2 orc priests (D:3)
  Jessica (D:3)
  Terence (D:2)
  3 adders
  3 worms
  3 dart slugs
  3 orcs (D:3)
  2 ball pythons
  6 bats
  3 endoplasms
  A giant cockroach (D:4)
  3 goblins
  2 hobgoblins
  4 jackals (D:1)
  A quokka (D:1)
  3 frilled lizards
  2 kobolds
  6 rats
50 creatures vanquished.

Notes
Turn   | Place    | Note
-------+----------+-------------------------------------------
     0 | D:1      | SensoryNuts the Demigod Fighter began the quest for the
                  | Orb.
     0 | D:1      | Reached XP level 1. HP: 18/18 MP: 3/3
   197 | D:1      | Reached XP level 2. HP: 18/25 MP: 4/4
   630 | D:1      | Reached skill level 2 in Long Blades
  1102 | D:1      | Noticed an Executioner
  1664 | D:2      | Reached XP level 3. HP: 20/30 MP: 5/5
  1914 | D:2      | Noticed Terence
  1926 | D:2      | Killed Terence
  2478 | D:3      | Reached skill level 3 in Long Blades
  2559 | D:3      | Reached XP level 4. HP: 18/38 MP: 6/6
  2887 | D:3      | Reached skill level 4 in Long Blades
  2887 | D:3      | Reached XP level 5. HP: 16/45 MP: 7/7
  3264 | D:3      | Identified the +4 spear of the Devouring Seeker {protect,
                  | rC+ Dex+3}
  3465 | D:3      | Noticed Jessica
  3472 | D:3      | Killed Jessica
  3806 | D:4      | Noticed a black bear
  3807 | D:4      | Noticed Robin
  3858 | D:4      | Slain by an orc priest

Illustrated notes

Levels and vault maps discovered:
D:1:      elethiomel_arrival_infinity_welcomes_careful_drivers,
          layout_loops_ring, dreamdust_ecumenical_altar_sealed_demon,
          chequers_decorated_corner, minmay_bisected
D:2:      layout_basic, kennysheep_doodads, roderic_nine_men_s_morris,
          uniq_terence
D:3:      layout_basic, hangedman_abyss_or_decor_lesser_grid, uniq_jessica
D:4:      layout_loops_cross, kennysheep_ying_yang,
          nicolae_overflow_hidden_temple, minmay_temple_entry_grid, uniq_robin

Skill      XL: |  1  2  3  4 |
---------------+-------------+-----
Armour         | 3 |  3.5
Long Blades    | 2 3 4 |  4.2
Shields        | 3 |  3.1
Fighting       | 3 |  3.4
Dodging        | |  0.1

Action                   |  1- 3 |  4- 6 || total
-------------------------+-------+-------++-------
Melee: Long sword        |   141 |    77 ||   218
  Use: Scroll            |     7 |       ||     7
       Potion            |       |     3 ||     3
Armor: Scale mail        |    33 |       ||    33
       Plate armour      |    82 |    77 ||   159
Dodge: Dodged            |    46 |    19 ||    65
Block: Buckler           |    38 |    14 ||    52

Table legend: (Time is in decaauts)
 A = Elapsed time spent in this place.
 B = Non-inter-level travel time spent in this place.
 C = Inter-level travel time spent in this place.
 D = Time resting spent in this place.
 E = Time spent auto-exploring this place.
 F = Levels seen in this place.
 G = Mean time per level.
                   A        B        C        D        E       F      G
               +--------+--------+--------+--------+--------+-----+--------+
         Total |   3923 |   3704 |    219 |      0 |   3164 |   4 |  980.8 |
       Dungeon |   3923 |   3704 |    219 |      0 |   3164 |   4 |  980.8 |
               +--------+--------+--------+--------+--------+-----+--------+

Top non-repeatable levels by time:
     D:3: 1416 daAuts
     D:1: 1287 daAuts
     D:2: 1175 daAuts
     D:4: 43 daAuts
